 Dungeon Crawl Stone Soup version 0.28-a0-612-gcfc00ec14d (webtiles) character file.

Game seed: 9083067488402874575

16843 rogsnak the Stormcaller (level 12, -14/64 HPs)
             Began as a Tengu Air Elementalist on Oct 4, 2021.
             Was a Priest of Sif Muna.
             Engulfed by an ice statue's freezing vapour (18 damage)
             ... in an ice cave on Oct 5, 2021.
             The game lasted 00:59:58 (18567 turns).

rogsnak the Stormcaller (Tengu Air Elementalist)   Turns: 18567, Time: 00:59:58

Health: -14/64     AC:  9    Str: 11    XL:     12   Next: 41%
Magic:  28/28      EV: 16    Int: 19    God:    Sif Muna [***...]
Gold:   667        SH:  7    Dex: 20    Spells: 18/34 levels left

rFire   + . .      SeeInvis .   Q - staff of air
rCold   . . .      Faith    .   J - +2 buckler
rNeg    . . .      Spirit   .   y - +1 troll leather armour
rPois   .          Reflect  .   (helmet restricted)
rElec   +          Harm     .   n - +0 cloak
rCorr   .          Rampage  .   O - +2 pair of gloves of Futamit {Fly rF+}
Will    .....                   (boots unavailable)
Stlth   ++........              (no amulet)
HPRegen 1.20/turn               g - +4 ring of slaying
MPRegen 0.21/turn               a - +6 ring of dexterity

@: flying quickly and evasively, quick
A: beak, talons 3, nimble flight
a: Renounce Religion, Channel Magic, Forget Spell


You were in an ice cave.
You worshipped Sif Muna.
Sif Muna was most pleased with you.
You visited 2 branches of the dungeon, and saw 12 of its levels.
You also visited: Ice Cave.

You collected 667 gold pieces.

Inventory:

Hand Weapons
 u - a +4 great sword
 E - a +4 flail of holy wrath
 K - a +2 rapier of venom
 V - a +2 dagger of venom
Missiles
 t - 5 boomerangs
 G - 23 poisoned darts (quivered)
 L - a curare-tipped dart
Armour
 n - a +0 cloak (worn)
 y - a +1 troll leather armour (worn)
 J - a +2 buckler (worn)
 O - the +2 pair of gloves of Futamit (worn) {Fly rF+}
   (You found it on level 7 of the Dungeon)

   rF:        It protects you from fire.
   Fly:       It grants you flight.
Magical Staves
 H - a staff of earth
 Q - a staff of air (weapon)
 S - a staff of poison
Jewellery
 a - a +6 ring of dexterity (right hand)
 g - a +4 ring of slaying (left hand)
Wands
 v - a wand of iceblast (6)
 T - a wand of mindburst (17)
Scrolls
 e - a scroll of enchant weapon {unknown}
 h - a scroll of magic mapping {unknown}
 i - a scroll of noise {unknown}
 m - 2 scrolls of blinking {unknown}
 p - 3 scrolls of teleportation
 q - a scroll of fear {unknown}
 r - 2 scrolls of enchant armour
 w - 5 scrolls of immolation {unknown}
 A - a scroll of silence {unknown}
 F - a scroll of amnesia
 P - a scroll of summoning {unknown}
 U - 3 scrolls of vulnerability {unknown}
Potions
 c - 2 potions of resistance
 d - 2 potions of attraction {unknown}
 f - a potion of magic
 j - 4 potions of ambrosia {unknown}
 l - 3 potions of curing {unknown}
 s - 2 potions of flight {unknown}
 x - a potion of might
 z - a potion of cancellation
 B - a potion of degeneration
 C - 2 potions of invisibility {unknown}
 N - 2 potions of brilliance
 W - a potion of lignification


   Skills:
 + Level 2.6 Fighting
 + Level 0.8 Armour
 + Level 4.2 Dodging
 - Level 2.0 Stealth
 + Level 1.4 Shields
 + Level 11.7 Spellcasting
 + Level 9.7 Conjurations
 + Level 0.7 Fire Magic
 + Level 1.2 Ice Magic
 + Level 16.6 Air Magic
 + Level 0.2 Evocations


You had 18 spell levels left.
You knew the following spells:

 Your Spells              Type           Power      Damage    Failure   Level
a - Shock                 Conj/Air       100%       1d9       1%          1
b - Airstrike             Air            42%        N/A       1%          4
c - Mephitic Cloud        Conj/Pois/Air  61%        N/A       1%          3
d - Freezing Cloud        Conj/Ice/Air   31%        6-21      8%          5
e - Ignite Poison         Fire/Tmut/Pois 12%        N/A       30%         3

Your spell library contained the following spells:

 Spells                   Type           Power      Damage    Failure   Level
 Corpse Rot               Necr/Air       N/A        N/A       1%          2
 Poisonous Vapours        Pois/Air       100%       N/A       1%          2
 Static Discharge         Conj/Air       75%        N/A       1%          2
 Swiftness                Air            84%        N/A       1%          3
 Animate Skeleton         Necr           22%        N/A       12%         1
 Pain                     Necr           44%        1d6       12%         1
 Slow                     Hex            11%        N/A       17%         2
 Confusing Touch          Hex            11%        N/A       34%         3
 Gell's Gravitas          Tloc           5%         N/A       34%         3
 Teleport Other           Tloc           11%        N/A       34%         3
 Vampiric Draining        Necr           5%         2d6       34%         3
 Summon Ice Beast         Ice/Summ       13%        N/A       65%         4
 Olgreb's Toxic Radiance  Pois           11%        N/A       75%         4
 Summon Mana Viper        Hex/Summ       11%        N/A       97%         5
 Yara's Violent Unravell  Hex/Tmut       5%         3d4       97%         5
 Dispersal                Tloc           5%         N/A       100%        6
 Monstrous Menagerie      Summ           5%         N/A       100%        7
 Ozocubu's Refrigeration  Ice            7%         4d6       100%        7
 Ignition                 Fire           7%         3d4       100%        8


Dungeon Overview and Level Annotations

Branches:
Dungeon (11/15)            Temple (1/1) D:7           IceCv (1/1)
   Lair: D:8-11         Orc: D:9-12

Altars:
Ashenzari
Cheibriados
Dithmenos
Elyvilon
Fedhas
Gozag
Hepliaklqana
Kikubaaqudgha
Makhleb
Nemelex Xobeh
Qazlal
Ru
Sif Muna
Trog
Uskayaw
Vehumet
Wu Jian
Xom
Yredelemnul
The Shining One

Shops:
D:2 (   D:10 *

Portals:
Trove: D:10 (give +4 shadow dragon scales)

Annotations:
D:4 3 runed translucent doors, blank1's ghost, amateur DjGl IceCv exclusion: 2 ice statues


Innate Abilities, Weirdness & Mutations

You have a beak for a mouth.
You have claws for feet.
Your magical nature lets you fly swiftly and evasively.


Message History

A spriggan simulacrum is nearby!
Casting: Airstrike (safe; 1% risk of failure)
Confirm with . or Enter, or press ? or * to list all spells.
Aiming: Airstrike (safe; 1% risk of failure)
Press: ? - help, Dir - move target, f - spriggan simulacrum
Aim: a spriggan simulacrum (wandering, hasn't noticed you, empty space bonus: 7/8)
You feel a surge of power!
The air twists around and strikes the spriggan simulacrum!
The spriggan simulacrum is severely damaged.
A spriggan simulacrum is nearby!
Casting: Airstrike (safe; 1% risk of failure)
Confirm with . or Enter, or press ? or * to list all spells.
Aiming: Airstrike (safe; 1% risk of failure)
Press: ? - help, Dir - move target, f/p - spriggan simulacrum
Aim: a spriggan simulacrum (severely damaged, empty space bonus: 8/8)
You feel a surge of power!
The air twists around and strikes the spriggan simulacrum!!
The spriggan simulacrum vaporises!
Sif Muna accepts your kill.
You start resting.
Magic restored.
Really fly into a travel-excluded area?
Unknown command.
Press: ? - help, v - describe, . - travel
Here: an ice statue (unaware, hasn't noticed you)
The floor.
Okay, then.
Really fly into a travel-excluded area?
Okay, then.
Really fly into a travel-excluded area?
The ice statue gestures at you. The bolt of cold hits you!!
The ice statue gestures at you. The shard of ice hits you!!
Ouch! That really hurt!
* * * LOW HITPOINT WARNING * * *
The ice statue gestures at you. The freezing blast misses you.
You are engulfed in freezing vapours.
You die...

##.........###........
#.......### ##..##...
#......## ######..
#......8# ###
##.....## ##...☼#
##☼○## ##○○○# #○☼@##
##☼.# ####..##
##..#..# ##...#..#
#WYYZ...# #..##...#
#...###..# #..## #.##


You could see an ice statue.

Vanquished Creatures
  A hydra (D:11)
  2 boulder beetles (D:7)
  A two-headed ogre (D:8)
  A tengu warrior (D:10)
  Nergalle (D:10)
  A skeletal warrior (D:7)
  A deep elf pyromancer (D:8)
  2 unseen horrors (D:7)
  A rime drake (D:11)
  3 kobold demonologists
  A freezing wraith (IceCv)
  2 ice devils (IceCv)
  3 trolls
  2 polar bears (D:11)
  Grinder (D:6)
  4 slime creatures
  11 yaks
  3 steam dragons
  A wraith (D:10)
  A death yak simulacrum (IceCv)
  6 vampire mosquitoes
  Menkaure (D:4)
  Edmund (D:6)
  Duvessa (D:6)
  A water moccasin (D:7)
  3 orc warriors
  An ice beast (D:7)
  2 sky beasts (D:6)
  A black bear (D:6)
  3 ogres
  2 necrophages
  8 centaurs
  4 phantoms
  2 kobold brigands
  4 bullfrogs (D:7)
  2 gnoll sergeants
  2 scorpions (D:7)
  A two-headed ogre simulacrum (IceCv)
  A wyvern zombie (D:7)
  A water moccasin skeleton (D:4)
  Dowan (D:6)
  An elephant simulacrum (IceCv)
  4 killer bees (D:10)
  9 wights (D:8)
  3 jellies
  3 howler monkeys
  2 centaur zombies
  2 hounds
  2 orc priests (D:3)
  Crazy Yiuf (D:7)
  A centaur skeleton (D:7)
  2 iguanas
  3 orc wizards
  5 spriggan simulacra (IceCv)
  A hound zombie (D:4)
  2 hound skeletons (D:4)
  A howler monkey zombie (D:7)
  A howler monkey skeleton (D:6)
  2 adders
  A naga simulacrum (IceCv)
  A white imp (D:7)
  2 ufetubi (IceCv)
  An adder zombie (D:4)
  2 worms
  4 dart slugs
  22 orcs
  4 bats
  5 endoplasms
  4 giant cockroaches
  5 goblins
  8 hobgoblins
  16 kobolds
  4 quokkas
  5 ball pythons
  2 frilled lizards
  4 rats
226 creatures vanquished.

Vanquished Creatures (others)
  7 plants (D:3)
7 creatures vanquished.

Grand Total: 233 creatures vanquished

Notes
Turn   | Place    | Note
-------+----------+-------------------------------------------
     0 | D:1      | rogsnak the Tengu Air Elementalist began the quest for the
                  | Orb.
     0 | D:1      | Reached XP level 1. HP: 10/10 MP: 4/4
   242 | D:1      | Reached XP level 2. HP: 13/15 MP: 1/6
   341 | D:1      | Found a faded altar of an unknown god.
   955 | D:2      | Reached skill level 5 in Air Magic
   955 | D:2      | Reached XP level 3. HP: 19/19 MP: 0/7
  1042 | D:2      | Found Ice Qom's Weapon Shop.
  1898 | D:3      | Found a stormy altar of Qazlal.
  2244 | D:3      | Reached XP level 4. HP: 24/24 MP: 3/8
  2737 | D:3      | Gained mutation: Your magical nature lets you fly swiftly
                  | and evasively. [Tengu growth]
  2737 | D:3      | Reached XP level 5. HP: 26/28 MP: 5/10
  3269 | D:4      | Noticed an ogre
  3298 | D:3      | Killed an ogre
  3299 | D:3      | Reached skill level 6 in Air Magic
  3299 | D:3      | Reached XP level 6. HP: 32/32 MP: 4/12
  3373 | D:4      | Learned a level 4 spell: Airstrike
  3570 | D:4      | Noticed an ice beast
  3571 | D:4      | Found a runed translucent gate.
  3571 | D:4      | Found a runed translucent gate.
  3571 | D:4      | Found an opulent altar of Gozag.
  3571 | D:4      | Found a runed translucent gate.
  3573 | D:4      | Noticed blank1's ghost (amateur DjGl)
  3781 | D:4      | You are sucked into a shaft and drop 3 floors!
  3782 | D:7      | Noticed a necrophage
  3799 | D:7      | Found a staircase to the Ecumenical Temple.
  3805 | Temple   | Entered the Ecumenical Temple
  3900 | Temple   | Became a worshipper of Sif Muna the Loreminder
  4059 | D:7      | Killed a necrophage
  4226 | D:7      | Reached skill level 5 in Conjurations
  4226 | D:7      | Reached XP level 7. HP: 36/36 MP: 9/13
  4269 | D:7      | Learned a level 3 spell: Mephitic Cloud
  4277 | D:7      | Reached skill level 7 in Air Magic
  4354 | D:7      | Found a runed translucent door.
  4355 | D:7      | Noticed Crazy Yiuf
  4373 | D:7      | Killed Crazy Yiuf
  4483 | D:6      | Noticed Grinder
  4520 | D:6      | Noticed Edmund
  4574 | D:6      | Killed Edmund
  4581 | D:6      | Paralysed by Grinder for 6 turns
  4595 | D:5      | Entered Level 5 of the Dungeon
  4783 | D:4      | Found a transporter.
  4783 | D:4      | Found a basalt altar of Yredelemnul.
  4927 | D:4      | Found a transporter.
  4953 | D:4      | Found an ancient bone altar of Kikubaaqudgha.
  4957 | D:4      | Noticed Menkaure
  5443 | D:4      | Reached XP level 8. HP: 42/42 MP: 12/16
  6108 | D:4      | Killed Menkaure
  6109 | D:4      | Reached skill level 5 in Spellcasting
  6109 | D:4      | Reached skill level 8 in Air Magic
  6335 | D:5      | Reached skill level 1 in Fighting
  6784 | D:6      | Reached skill level 9 in Air Magic
  6865 | D:6      | Reached * piety under Sif Muna
  6869 | D:6      | Noticed Duvessa
  6980 | D:6      | Killed Grinder
  6981 | D:6      | Reached XP level 9. HP: 47/47 MP: 6/19
  7204 | D:6      | Reached skill level 10 in Air Magic
  7501 | D:6      | Found a radiant altar of Vehumet.
  7508 | D:6      | Found a snail-covered altar of Cheibriados.
  7512 | D:6      | Found a shimmering altar of Xom.
  7512 | D:6      | Found a shadowy altar of Dithmenos.
  7512 | D:6      | Found a broken altar of Ashenzari.
  7517 | D:6      | Found a sparkling altar of Nemelex Xobeh.
  7601 | D:6      | Noticed Dowan
  7607 | D:6      | Killed Dowan
  7703 | D:6      | Killed Duvessa
  8322 | D:7      | You are sucked into a shaft and drop 2 floors!
  8723 | D:9      | Reached skill level 11 in Air Magic
  9280 | D:9      | Reached XP level 10. HP: 36/53 MP: 15/23
  9649 | D:9      | Reached skill level 12 in Air Magic
 10639 | D:8      | Reached ** piety under Sif Muna
 10786 | D:8      | Noticed a deep elf pyromancer
 10791 | D:8      | Killed a deep elf pyromancer
 10792 | D:8      | Reached skill level 13 in Air Magic
 11008 | D:8      | Noticed a two-headed ogre
 11082 | D:8      | Killed a two-headed ogre
 11728 | D:8      | Reached XP level 11. HP: 57/57 MP: 16/25
 12162 | D:7      | Reached skill level 14 in Air Magic
 12255 | D:7      | Identified the +1 scale mail of Greed {rF- rC++}
 12261 | D:7      | Noticed a boulder beetle
 12618 | D:7      | Killed a boulder beetle
 12619 | D:7      | Reached skill level 10 in Spellcasting
 12802 | D:7      | Identified the +2 pair of gloves of Futamit {Fly rF+}
 13040 | D:7      | Noticed a skeletal warrior
 13487 | D:7      | Killed a skeletal warrior
 14183 | D:7      | Noticed a boulder beetle
 14197 | D:7      | Killed a boulder beetle
 14198 | D:7      | Reached skill level 1 in Shields
 14198 | D:7      | Reached skill level 15 in Air Magic
 15020 | D:8      | Learned a level 5 spell: Freezing Cloud
 15153 | D:9      | Upgraded the game from 0.28-a0-589-g333b8329f1 to
                  | 0.28-a0-612-gcfc00ec14d
 15407 | D:10     | Entered Level 10 of the Dungeon
 15569 | D:10     | Noticed Nergalle
 15584 | D:10     | Killed Nergalle
 16044 | D:10     | Reached skill level 1 in Ice Magic
 16180 | D:10     | Found Faipla's General Store.
 16254 | D:10     | Noticed a tengu warrior
 16259 | D:10     | Killed a tengu warrior
 16260 | D:10     | Reached XP level 12. HP: 64/64 MP: 11/28
 16357 | D:10     | Reached *** piety under Sif Muna
 16393 | D:10     | Found a portal to a secret trove of treasure.
 16929 | D:11     | Noticed a four-headed hydra
 16935 | D:11     | Killed a four-headed hydra
 17077 | D:11     | Found a frozen archway.
 17081 | D:11     | Reached skill level 16 in Air Magic
 17211 | IceCv    | Entered an ice cave
 17529 | IceCv    | Learned a level 3 spell: Ignite Poison
 18565 | IceCv    | HP: 3/64 [ice statue/shard of ice (32)]
 18567 | IceCv    | Engulfed by an ice statue's freezing vapour

Illustrated notes

Levels and vault maps discovered:
D:1:      dpeg_arrival_rhombus, layout_basic,
          dreamdust_ecumenical_altar_angels_and_demons, serial_park_tiny_2
D:2:      layout_basic, serial_shops, shop_statue
D:3:      layout_loops_ring, nicolae_qazlal_general_emergency,
          chequers_serial_rivers_large_a, st_stairs_11, chequers_big_river,
          chequers_decorated_corner, minmay_vboxes
D:4:      layout_basic, gammafunk_temple_of_torment, ebering_ghost_gozag
D:5:      layout_rooms
D:6:      layout_basic, minitemple, uniq_duvessa, uniq_edmund, uniq_grinder
D:7:      minmay_the_grid_octo_tiled_octocenter [minmay_the_grid_octo_77,
          minmay_the_grid_octo_thin_diamonds, minmay_the_grid_octo_checkered,
          minmay_the_grid_octo_fan_narrow, minmay_the_grid_octo_prize_star,
          minmay_the_grid_square_5x5_two, minmay_the_grid_square_5x5_moneybag,
          minmay_the_grid_square_5x5_c, minmay_the_grid_square_5x5_shrine1],
          layout_rooms, minmay_temple_entry_fiery,
          chequers_serial_rivers_micro_b, minivault_5, uniq_crazy_yiuf_cottage
D:8:      layout_loops_ring, minmay_between
D:9:      layout_gridville
D:10:     layout_basic, serial_shops, shop_statue, enter_trove_1,
          hangedman_abyss_or_decor_stabs, uniq_nergalle
D:11:     layout_roguey, david_lair_generic, david_orc_1_choice,
          portal_ice_cave_entry_animals_and_master
Temple:   oiseaux_autumnal_temple
IceCv:    ice_cave_small_demon

Skill      XL: |  1  2  3  4  5  6  7  8  9 10 11 12 |
---------------+-------------------------------------+-----
Air Magic      | 5 6 7 9 11 13 15 16 | 16.6
Conjurations   | 2 3 4 5 6 7 8 9 |  9.7
Spellcasting   | 3 4 6 8 9 11 | 11.7
Dodging        | 3 4 |  4.2
Fighting       | 1 2 |  2.6
Shields        | 1 |  1.4
Ice Magic      | 1 |  1.2
Armour         | |  0.8
Stealth        | |  2.0
Fire Magic     | |  0.7
Evocations     | |  0.2

Action                   |  1- 3 |  4- 6 |  7- 9 | 10-12 || total
-------------------------+-------+-------+-------+-------++-------
Melee: Quarterstaff      |     2 |       |       |       ||     2
       Kick              |     1 |       |    13 |    29 ||    43
       Hand axe          |       |       |     6 |       ||     6
       Flail             |       |       |    27 |    10 ||    37
       Rapier            |       |       |    20 |    42 ||    62
       Peck              |       |       |     6 |    15 ||    21
       Staff             |       |       |       |     9 ||     9
Throw: Dart              |       |       |       |     3 ||     3
 Cast: Shock             |    78 |    92 |    96 |   150 ||   416
       Mephitic Cloud    |       |       |    15 |    37 ||    52
       Airstrike         |       |       |    39 |   168 ||   207
       Freezing Cloud    |       |       |       |     3 ||     3
       Ignite Poison     |       |       |       |     4 ||     4
Evoke: Wand              |       |       |       |     2 ||     2
  Use: Potion            |       |       |     1 |     3 ||     4
       Scroll            |       |       |       |    11 ||    11
 Stab: Confused          |       |       |     5 |     2 ||     7
       Distracted        |       |       |       |     1 ||     1
Armor: Robe              |     2 |       |    22 |       ||    24
       Steam dragon scal |       |       |       |    25 ||    25
       Skin              |       |       |       |     5 ||     5
       Troll leather arm |       |       |       |    17 ||    17
Dodge: Dodged            |     4 |    11 |    64 |    99 ||   178
Block: Buckler           |       |       |     8 |    32 ||    40

Table legend: (Time is in decaauts)
 A = Elapsed time spent in this place.
 B = Non-inter-level travel time spent in this place.
 C = Inter-level travel time spent in this place.
 D = Time resting spent in this place.
 E = Time spent auto-exploring this place.
 F = Levels seen in this place.
 G = Mean time per level.
                   A        B        C        D        E       F      G
               +--------+--------+--------+--------+--------+-----+--------+
         Total |  17908 |  17603 |    305 |   7147 |   6503 |  13 | 1377.5 |
       Dungeon |  16469 |  16164 |    305 |   6128 |   6430 |  11 | 1497.2 |
        Temple |    106 |    106 |      0 |      0 |     73 |   1 |  106.0 |
      Ice Cave |   1332 |   1332 |      0 |   1018 |      0 |   1 | 1332.0 |
               +--------+--------+--------+--------+--------+-----+--------+

Top non-repeatable levels by time:
     D:7: 3683 daAuts
     D:4: 1963 daAuts
     D:9: 1960 daAuts
     D:8: 1878 daAuts
     D:3: 1393 daAuts
     D:6: 1368 daAuts
    D:10: 1333 daAuts
   IceCv: 1332 daAuts
     D:2: 1240 daAuts
     D:1: 647 daAuts
     D:5: 622 daAuts
    D:11: 379 daAuts
  Temple: 106 daAuts
